 Dungeon Crawl Stone Soup version 0.22-b1-59-g0aedee7 (webtiles) character file.

1623 Lilu the Protected (level 8, -1/75 HPs)
             Began as a Hill Orc Fighter on Aug 9, 2018.
             Was an Initiate of Qazlal.
             Slain by an orc warrior
             ... wielding a +0 hand axe
              (5 damage)
             ... on level 6 of the Dungeon.
             The game lasted 00:15:06 (7279 turns).

Lilu the Protected (Hill Orc Fighter)               Turns: 7279, Time: 00:15:07

Health: -1/75      AC: 11    Str: 28    XL:     8   Next: 97%
Magic:  8/8        EV:  8    Int:  8    God:    Qazlal [......]
Gold:   255        SH: 10    Dex: 10    Spells: 7/7 levels left

rFire    x . .     SeeInvis .   a - +0 flail
rCold    + . .     Gourm    .   c - +0 shield
rNeg     . . .     Faith    .   d - +2 scale mail "Oxkux" {rElec rF- Str+7 Stlth+}
rPois    .         Spirit   .   (no helmet)
rElec    +         Reflect  .   i - +0 cloak
rCorr    .         Harm     .   (no gloves)
MR       .....                  (no boots)
Stlth    ++........             (no amulet)
HPRegen  0.22/turn              k - ring of stealth
MPRegen  0.11/turn              x - ring of protection from cold

@: no status effects
A: no striking features
a: Renounce Religion


You were on level 6 of the Dungeon.
You worshipped Qazlal.
Qazlal was noncommittal.
You were not hungry.

You visited 2 branches of the dungeon, and saw 7 of its levels.

You collected 255 gold pieces.

Inventory:

Hand Weapons
 a - a +0 flail (weapon)
 r - a +0 hand axe of chopping
Missiles
 n - 49 sling bullets
 p - 82 stones (quivered)
Armour
 b - a +0 scale mail
 c - a +0 shield (worn)
 d - the +2 scale mail "Oxkux" (worn) {rElec rF- Str+7 Stlth+}
   (You found it on level 6 of the Dungeon)

   It affects your strength (+7).
   It makes you vulnerable to fire.
   It insulates you from electricity.
   It makes you more stealthy.
 i - a +0 cloak (worn)
Jewellery
 k - a ring of stealth (left hand)
 x - a ring of protection from cold (right hand)
Wands
 q - a wand of enslavement (22)
Scrolls
 e - a scroll of teleportation
 g - 2 scrolls of remove curse {unknown}
 j - 3 scrolls of identify {unknown}
 m - a scroll of fog {unknown}
 o - a scroll of amnesia {unknown}
 u - a scroll of magic mapping {unknown}
 v - a scroll of fear {unknown}
 w - a scroll of enchant weapon {unknown}
Potions
 l - 2 potions of mutation {unknown}
 s - a potion of brilliance {unknown}
 t - a potion of degeneration {unknown}
Comestibles
 f - 8 rations


   Skills:
 - Level 8.4 Fighting
 - Level 5.2 Maces & Flails
 + Level 8.8 Armour
 - Level 1.6 Dodging
 - Level 0.3 Stealth
 - Level 3.2 Shields


You had 7 spell levels left.
You didn't know any spells.
Your spell library was empty.

Dungeon Overview and Level Annotations

Branches:
Dungeon (6/15)             Temple (1/1) D:5

Altars:
Ashenzari
Cheibriados
Dithmenos
Elyvilon
Hepliaklqana
Nemelex Xobeh
Okawaru
Qazlal
Sif Muna
Vehumet
Zin
The Shining One


Message History

Things that are here:
a flail; a leather armour; a wand of scattershot (7)
You thump something! Something hits you.
You hit something but do no damage. Something hits you!
You barely miss something. You block something's attack.
You closely miss something. You block something's attack.
You closely miss something. Something hits you.
* * * LOW HITPOINT WARNING * * *
You closely miss something. Something hits you.
* * * LOW HITPOINT WARNING * * *
Something hits you!
* * * LOW HITPOINT WARNING * * *
You hit something. Something hits you but does no damage.
You hit something but do no damage. You block something's attack.
You barely miss something.
The quokka twitches its whiskers.
You block something's attack.
You hit something but do no damage. Something hits you but does no damage.
You thump something! Something hits you.
You die...

#######.##...<#######
#..............
#######..#..r.#######
......รท..#..#.....$#
.........#.##..###.#
.........#.....#
########.#.###.# #
#.#...([###.#.#
#...##.r{@....# ##..
#.####.### .>##.# ..
#.# ## #.# #)# #)#
#.#######
########.......#


You could see a quokka.

Vanquished Creatures
  Eustachio (D:4)
  Menkaure (D:4)
  2 sky beasts (D:6)
  An orc warrior (D:6)
  A phantom (D:6)
  An ogre (D:4)
  Blork the orc (D:6)
  3 bullfrogs
  A centaur zombie (D:6)
  A jelly (D:6)
  3 hounds
  3 orc priests (D:6)
  Crazy Yiuf (D:2)
  3 orc wizards
  An iguana (D:6)
  4 worker ants
  4 adders
  An ooze (D:6)
  An adder zombie (D:5)
  4 worms
  2 dart slugs
  5 leopard geckos
  21 orcs
  8 bats
  5 giant cockroaches
  7 goblins
  4 hobgoblins
  9 jackals
  14 kobolds
  2 quokkas (D:6)
  5 frilled lizards
  A jackal zombie (D:6)
  A leopard gecko zombie (D:5)
  10 rats
  A fungus (D:2)
133 creatures vanquished.

Notes
Turn   | Place    | Note
-------+----------+-------------------------------------------
     0 | D:1      | Lilu the Hill Orc Fighter began the quest for the Orb.
     0 | D:1      | Reached XP level 1. HP: 19/19 MP: 1/1
   278 | D:1      | Reached XP level 2. HP: 24/26 MP: 2/2
   748 | D:1      | Reached XP level 3. HP: 15/31 MP: 3/3
  1456 | D:2      | Reached skill level 1 in Dodging
  1637 | D:2      | Reached XP level 4. HP: 34/39 MP: 4/4
  2089 | D:2      | Found a runed door.
  2093 | D:2      | Noticed Crazy Yiuf
  2096 | D:2      | Killed Crazy Yiuf
  2307 | D:3      | Noticed a bullfrog
  2315 | D:3      | Killed a bullfrog
  2315 | D:3      | Reached skill level 5 in Maces & Flails
  2315 | D:3      | Reached XP level 5. HP: 34/45 MP: 5/5
  2569 | D:3      | Found a glowing silver altar of Zin.
  2582 | D:3      | Found a shattered altar of Ashenzari.
  2583 | D:3      | Found a shadowy altar of Dithmenos.
  3282 | D:4      | Noticed Eustachio
  3311 | D:3      | HP: 2/47 [adder (2)]
  3317 | D:3      | Reached XP level 6. HP: 14/55 MP: 6/6
  3601 | D:4      | Noticed Menkaure
  3610 | D:3      | Reached skill level 5 in Fighting
  4279 | D:4      | Killed Eustachio
  4609 | D:4      | Killed Menkaure
  4609 | D:4      | Reached XP level 7. HP: 22/66 MP: 7/7
  4919 | D:4      | Found a white marble altar of Elyvilon.
  5291 | D:5      | Entered Level 5 of the Dungeon
  5542 | D:5      | Found a staircase to the Ecumenical Temple.
  5558 | Temple   | Entered the Ecumenical Temple
  5564 | Temple   | Became a worshipper of Qazlal Stormbringer
  5906 | D:6      | Reached XP level 8. HP: 58/75 MP: 8/8
  6012 | D:6      | Reached skill level 5 in Armour
  6314 | D:6      | Noticed Blork the orc
  6346 | D:6      | Killed Blork the orc
  6518 | D:6      | HP: 1/75 [orc priest/divine providence (13)]
  6537 | D:6      | HP: 3/75 [orc priest/divine providence (11)]
  6543 | D:6      | HP: 1/75 [orc warrior/hand axe (14)]
  6572 | D:6      | HP: 3/75 [phantom (5)]
  6863 | D:6      | Got a bloodstained scale mail
  6874 | D:6      | Identified the +2 scale mail "Oxkux" {rElec rF- Str+7 Stlth+} (You found it on level 6 of the Dungeon)
  7274 | D:6      | HP: 2/75 [something (17)]
  7279 | D:6      | Slain by an orc warrior

Skill      XL: |  1  2  3  4  5  6  7  8 |
---------------+-------------------------+-----
Maces & Flails | 3 4 5 |  5.2
Dodging        | 1 |  1.6
Fighting       | 4 7 8 |  8.4
Armour         | 4 8 |  8.8
Stealth        | |  0.3
Shields        | |  3.2

Action                   |  1- 3 |  4- 6 |  7- 9 || total
-------------------------+-------+-------+-------++-------
Melee: Flail             |   156 |   264 |   225 ||   645
  Use: Potion            |       |     1 |     8 ||     9
       Scroll            |       |     1 |     1 ||     2
  Eat: Chunk             |     3 |     6 |     9 ||    18
       Ration            |       |     1 |       ||     1
Armor: Scale mail        |   112 |   196 |    80 ||   388
Dodge: Dodged            |    67 |   179 |    67 ||   313
Block: Shield            |   109 |   210 |   105 ||   424
